 Dungeon Crawl Stone Soup version 0.27-a0-1202-ge72e49191c (webtiles) character file.

Game seed: 10663060536140531333

14044 Kinoniko the Severer (level 11, 88/88 HPs)
             Began as a Palentonga Berserker on June 4, 2021.
             Was an Elder of Trog.
             Quit the game on level 2 of the Lair of Beasts on June 9, 2021.
             The game lasted 00:13:22 (15366 turns).

Kinoniko the Severer (Palentonga Berserker)        Turns: 15366, Time: 00:13:22

Health: 88/88      AC: 11    Str: 22    XL:     11   Next: 83%
Magic:  11/11      EV:  7    Int:  8    God:    Trog [****..]
Gold:   647        SH:  0    Dex: 17    Spells: 10/10 levels left

rFire    . . .     SeeInvis +   q - +2 war axe (flame)
rCold    . . .     Faith    .   (no shield)
rNeg     . . .     Spirit   .   y - +1 chain mail
rPois    .         Reflect  .   v - +1 helmet
rElec    .         Harm     .   (no cloak)
rCorr    .         Rampage  .   (no gloves)
Will     .....                  (no barding)
Stlth    ..........             j - amulet of the acrobat
HPRegen  0.24/turn              u - +6 ring of dexterity
MPRegen  0.12/turn              (no ring)

@: very slow
A: large, rugged brown scales 3, see invisible, deformed body, roll 1, armoured
tail, reflexive curl
a: Rolling Charge, Renounce Religion, Berserk, Trog's Hand, Brothers in Arms


You were on level 2 of the Lair of Beasts.
You worshipped Trog.
Trog was greatly pleased with you.
You visited 2 branches of the dungeon, and saw 12 of its levels.

You collected 647 gold pieces.

Inventory:

Hand Weapons
 a - a +0 hand axe
 q - a +2 war axe of flaming (weapon)
Missiles
 k - 11 curare-tipped darts
 x - 3 javelins
Armour
 v - a +1 helmet (worn)
 y - a +1 chain mail (worn)
Jewellery
 j - an amulet of the acrobat (around neck)
 m - an amulet of magic regeneration
 t - a ring of wizardry
 u - a +6 ring of dexterity (left hand)
 C - a ring of fire
 E - a ring of fire
Wands
 n - a wand of flame (14)
 w - a wand of iceblast (8)
 B - a wand of acid (10)
 F - a wand of polymorph (5)
Scrolls
 b - 3 scrolls of magic mapping
 c - 2 scrolls of enchant weapon
 e - a scroll of vulnerability
 h - a scroll of amnesia
 p - 4 scrolls of teleportation
 A - 3 scrolls of blinking
 D - a scroll of enchant armour
Potions
 d - 2 potions of cancellation {unknown}
 f - a potion of might
 g - a potion of invisibility
 i - a potion of ambrosia {unknown}
 l - 2 potions of lignification {unknown}
 o - a potion of flight {unknown}
 r - 5 potions of curing
 s - 2 potions of attraction {unknown}
 z - a potion of brilliance {unknown}


   Skills:
 + Level 6.8 Fighting
 - Level 16.1 Axes
 + Level 4.3 Armour
 + Level 4.3 Dodging


You had 10 spell levels left.
You didn't know any spells.
Your spell library was empty.

Dungeon Overview and Level Annotations

Branches:
Dungeon (10/15)            Temple (0/1) D:6            Lair (2/6) D:9
 Shoals (0/4) Lair:2          Orc (0/2) D:10
  Snake: Lair:2-4    Spider: Lair:2-4

Altars:
Ashenzari
Cheibriados
Dithmenos
Elyvilon
Hepliaklqana
Nemelex Xobeh
Qazlal
Ru
Trog
Xom
The Shining One

Shops:
D:5 *

Annotations:
D:10 1 runed translucent door, Howlingfantods's ghost, journeyman MiFi


Innate Abilities, Weirdness & Mutations

You are completely covered in rugged brown scales. (AC +3, +7% HP)
You have supernaturally acute eyesight. (SInv)
Armour fits poorly on your strangely shaped body.
You can roll at nearby foes to attack.
You have a long armoured tail.
You curl defensively after being hit.


Message History

Found a stone staircase leading down.
s - 2 lumpy coppery potions (gained 1)
You now have 627 gold pieces (gained 14).
Key pressed, stopping explore.
Key pressed, stopping explore.
You now have 647 gold pieces (gained 20).
You open the door.
An electric eel comes into view.
The electric eel shoots out a bolt of lightning at you!
The bolt of electricity hits you!
An electric eel is nearby!
An electric eel is nearby!
There is an open door here.
You enter the shallow water.
Moving in this stuff is going to be slow.
You slash the electric eel! You burn the electric eel.
The electric eel is severely wounded.
The electric eel shoots out a bolt of lightning at you!
The bolt of electricity hits you. x2
The bolt of electricity hits the electric eel.
The electric eel completely resists.
You closely miss the electric eel.
The electric eel is severely wounded.
The electric eel shoots out a bolt of lightning at you!
The bolt of electricity hits you. The bolt of electricity hits you!
The bolt of electricity hits the electric eel.
The electric eel completely resists.
You slash the electric eel! You burn the electric eel.
You kill the electric eel!
Trog accepts your kill.
No target in view!
No target in view!
No target in view!
No target in view!
You open the door.
Found a staircase to the Shoals.
Welcome back, Kinoniko the Palentonga Berserker.
Trog says: Kill them all!
Press ? for a list of commands and other information.
Are you sure you want to abandon this character and quit the game? (Confirm with "yes".)

##.....#.# #.#≈≈≈#.............
.#.....#.# ###≈≈≈#.....P.#.....
#......# #≈#≈≈≈##............
#......# #+≈####≈#....##......
.......## #≈≈≈#≈≈≈##...###.....
##......# #≈>≈#≈≈≈#######P.....
##......# #≈≈≈#≈≈≈#.#..###.....
##.....## #≈'###≈#............
......†.## #@≈≈##............
.........# ###≈≈≈#.............
.........# #.#≈≈≈#.............
.........+####.#####..#.#........
###...#...............######.....
#.........P..##..........##.....
#.#...........#.....#.....#......
+.+....#....†..#....#.....##.....
# #...#........#.....P...........


There were no monsters in sight!

Vanquished Creatures
  Erica (D:10)
  A black mamba (Lair:2)
  7 cane toads
  4 komodo dragons (Lair:1)
  A rime drake (Lair:2)
  Prince Ribbit (D:8)
  A wyvern (D:8)
  13 yaks
  4 basilisks
  2 steam dragons
  2 vampire mosquitoes (D:7)
  An acid dragon (D:8)
  7 water moccasins
  3 black bears
  4 orc warriors
  A hornet zombie (D:7)
  A necrophage (D:5)
  An ogre (D:5)
  12 wolves (Lair:1)
  A centaur (D:8)
  A phantom (D:4)
  3 kobold brigands
  9 bullfrogs
  4 scorpions
  A water moccasin zombie (D:5)
  11 killer bees
  3 wights (D:8)
  3 howler monkeys
  An electric eel (Lair:2)
  3 centaur zombies
  4 hounds
  2 iguanas
  4 orc priests
  A bullfrog skeleton (D:5)
  4 jellies
  A scorpion zombie (D:5)
  6 orc wizards
  A hound zombie (D:5)
  4 howler monkey zombies
  9 adders
  A shadow imp (D:5)
  2 white imps
  An ufetubus (D:5)
  6 worms
  4 dart slugs
  15 orcs
  12 endoplasms
  5 giant cockroaches
  4 goblins
  7 hobgoblins
  7 jackals
  18 kobolds
  6 quokkas
  5 ball pythons
  6 frilled lizards
  7 rats
249 creatures vanquished.

Vanquished Creatures (collateral kills)
  A boulder beetle (Lair:2)
  An elephant (D:9)
  A kobold demonologist (D:9)
  A yak (D:9)
  A kobold brigand (D:9)
  An orc priest (D:9)
  3 kobolds (D:9)
9 creatures vanquished.

Vanquished Creatures (others)
  14 fungi
  10 plants
24 creatures vanquished.

Grand Total: 282 creatures vanquished

Notes
Turn   | Place    | Note
-------+----------+-------------------------------------------
     0 | D:1      | Kinoniko the Palentonga Berserker began the quest for the
                  | Orb.
     0 | D:1      | Reached XP level 1. HP: 19/19 MP: 1/1
   222 | D:1      | Reached XP level 2. HP: 24/25 MP: 2/2
   817 | D:1      | Reached XP level 3. HP: 21/31 MP: 3/3
  1328 | D:1      | Reached skill level 4 in Axes
  1328 | D:1      | Reached ** piety under Trog
  1931 | D:2      | Found a faded altar of an unknown god.
  2076 | D:2      | You fall into a shaft and drop 1 floor!
  2607 | D:2      | Reached XP level 4. HP: 34/39 MP: 4/4
  3892 | D:4      | Noticed a phantom
  3900 | D:4      | Reached skill level 5 in Axes
  3902 | D:4      | Killed a phantom
  3903 | D:4      | Reached XP level 5. HP: 46/46 MP: 5/5
  4115 | D:4      | Reached skill level 6 in Axes
  4115 | D:4      | Reached XP level 6. HP: 51/52 MP: 6/6
  4513 | D:4      | Noticed a moth of wrath
  4517 | D:4      | Found a bloodstained altar of Trog.
  4532 | D:4      | Reached *** piety under Trog
  4880 | D:4      | Reached skill level 7 in Axes
  4884 | D:4      | Gained mutation: You curl defensively after being hit.
                  | [Palentonga growth]
  4884 | D:4      | Reached XP level 7. HP: 51/58 MP: 7/7
  5106 | D:5      | Entered Level 5 of the Dungeon
  5218 | D:5      | Found a white marble altar of Elyvilon.
  5253 | D:5      | Reached skill level 8 in Axes
  5772 | D:5      | Found Vemoas's Serpentskin Sales.
  5776 | D:5      | Reached skill level 9 in Axes
  5776 | D:5      | Reached XP level 8. HP: 65/65 MP: 8/8
  6246 | D:6      | Found a staircase to the Ecumenical Temple.
  6407 | D:6      | Reached skill level 10 in Axes
  7353 | D:7      | Reached skill level 11 in Axes
  7563 | D:7      | Reached XP level 9. HP: 70/70 MP: 9/9
  7755 | D:7      | Reached **** piety under Trog
  8343 | D:7      | Found a stormy altar of Qazlal.
  8491 | D:7      | Reached skill level 12 in Axes
  8713 | D:8      | Found a shadowy altar of Dithmenos.
  8713 | D:8      | Found a glowing golden altar of the Shining One.
  8715 | D:8      | Found a broken altar of Ashenzari.
  8719 | D:8      | Found a sacrificial altar of Ru.
  9004 | D:8      | Found a sparkling altar of Nemelex Xobeh.
  9005 | D:8      | Found a hazy altar of Hepliaklqana.
  9563 | D:8      | Noticed Prince Ribbit
  9573 | D:8      | Reached skill level 13 in Axes
  9574 | D:8      | Killed Prince Ribbit
 10382 | D:9      | Reached XP level 10. HP: 57/78 MP: 10/10
 10764 | D:9      | Noticed an elephant
 10775 | D:9      | Reached skill level 14 in Axes
 10785 | D:9      | Killed an elephant
 11054 | D:9      | Identified the +0 short sword of Crusades {pain, Str+2}
 11092 | D:9      | Found a staircase to the Lair.
 11265 | D:10     | Entered Level 10 of the Dungeon
 11298 | D:10     | Found a snail-covered altar of Cheibriados.
 11345 | D:10     | Noticed Erica
 11368 | D:10     | Killed Erica
 11568 | D:10     | Found a staircase to the Orcish Mines.
 11583 | D:10     | Reached skill level 15 in Axes
 11914 | D:10     | Found a runed translucent door.
 11915 | D:10     | Found a shimmering altar of Xom.
 11915 | D:10     | Noticed Howlingfantods's ghost (journeyman MiFi)
 11915 | D:10     | Noticed a +0 trident of chaos
 11935 | D:10     | Identified the +1 leather armour of Trumpets {Will- Int+5}
 12167 | Lair:1   | Entered Level 1 of the Lair of Beasts
 12173 | Lair:1   | Noticed a cane toad
 12180 | Lair:1   | Killed a cane toad
 12457 | Lair:1   | Noticed a cane toad
 12464 | Lair:1   | Killed a cane toad
 12465 | Lair:1   | Reached XP level 11. HP: 70/83 MP: 11/11
 12558 | Lair:1   | Reached skill level 16 in Axes
 12804 | Lair:1   | Reached skill level 5 in Fighting
 14129 | Lair:2   | Reached ***** piety under Trog
 14366 | Lair:2   | Noticed a boulder beetle
 14654 | Lair:2   | Killed a boulder beetle
 15365 | Lair:2   | Found a staircase to the Shoals.
 15366 | Lair:2   | Quit the game

Illustrated notes

Levels and vault maps discovered:
D:1:      ebering_trefoil_3fold, layout_loops_ring,
          chequers_serial_rivers_micro_b
D:2:      layout_basic, shapermc_ecumenical_altar_totnotflames,
          minmay_crystal_water, st_stairs_11, kennysheep_generic_room_11
D:3:      layout_basic
D:4:      layout_cave_pools, tgw_trog
D:5:      layout_basic, marbit_many_paths, chequers_serial_rivers_room_a,
          guppyfry_shop_venom
D:6:      layout_cave_pods, minmay_temple_entry_purple_smoke
D:7:      layout_layer_cave, nicolae_qazlal_scattered_showers, kennysheep_nub,
          solitary_fountain
D:8:      layout_loops_corners, grunt_temple_overflow_open, st_stairs_13,
          kennysheep_generic_room_3, uniq_prince_ribbit1
D:9:      layout_rooms, david_lair_generic
D:10:     layout_cave_pools, cheibriados_altar_1, orc_0_dummy,
          ebering_ghost_xom, uniq_erica
Lair:1:   layout_chaotic_city, st_stairs_3
Lair:2:   layout_regular_city, elwin_shoals_entry_rooms, lemuel_old_faithful

Skill      XL: |  1  2  3  4  5  6  7  8  9 10 11 |
---------------+----------------------------------+-----
Axes           | 4 5 6 7 9 11 13 15 16 | 16.1
Fighting       | 4 6 |  6.8
Armour         | 4 |  4.3
Dodging        | 4 |  4.3

Action                   |  1- 3 |  4- 6 |  7- 9 | 10-12 || total
-------------------------+-------+-------+-------+-------++-------
Melee: Hand axe          |   176 |    51 |       |       ||   227
       Tailslap          |    18 |    16 |    29 |    41 ||   104
       War axe           |       |    97 |   205 |   211 ||   513
Invok: Berserk           |     3 |     6 |     9 |    10 ||    28
       Brothers in Arms  |       |       |       |     2 ||     2
  Use: Scroll            |       |       |    15 |     3 ||    18
       Potion            |       |       |       |     9 ||     9
 Stab: Sleeping          |     2 |       |       |       ||     2
       Invisible         |       |       |       |     2 ||     2
       Distracted        |       |       |       |     1 ||     1
Armor: Animal skin       |    43 |       |       |       ||    43
       Scale mail        |    12 |    66 |    68 |       ||   146
       Chain mail        |       |       |    27 |    94 ||   121
Dodge: Dodged            |    77 |    71 |    87 |    85 ||   320

Table legend: (Time is in decaauts)
 A = Elapsed time spent in this place.
 B = Non-inter-level travel time spent in this place.
 C = Inter-level travel time spent in this place.
 D = Time resting spent in this place.
 E = Time spent auto-exploring this place.
 F = Levels seen in this place.
 G = Mean time per level.
                   A        B        C        D        E       F      G
               +--------+--------+--------+--------+--------+-----+--------+
         Total |  15597 |  15213 |    384 |   4238 |   9468 |  12 | 1299.8 |
       Dungeon |  12364 |  12003 |    361 |   2868 |   7881 |  10 | 1236.4 |
          Lair |   3232 |   3210 |     22 |   1369 |   1587 |   2 | 1616.0 |
               +--------+--------+--------+--------+--------+-----+--------+

Top non-repeatable levels by time:
  Lair:1: 1824 daAuts
     D:8: 1692 daAuts
     D:1: 1575 daAuts
     D:7: 1568 daAuts
  Lair:2: 1408 daAuts
     D:4: 1260 daAuts
     D:3: 1259 daAuts
     D:2: 1122 daAuts
     D:5: 1056 daAuts
     D:6: 1008 daAuts
     D:9: 914 daAuts
    D:10: 907 daAuts
